 Dungeon Crawl Stone Soup version 0.30.1-11-g7821555f0a (webtiles) character file.

Game seed: 1258040911842508072

2690 monsoonserge the Magician (level 9, -6/58 HPs)
             Began as a Djinni Venom Mage on Dec 1, 2023.
             Was an Initiate of Ashenzari.
             Killed from afar by an acid dragon (22 damage)
             ... with a splash of acid
             ... on level 8 of the Dungeon on Dec 2, 2023.
             The game lasted 00:21:46 (6633 turns).

monsoonserge the Magician (Djinni Venom Mage)       Turns: 6633, Time: 00:21:47

Health: -6/58      AC:  9    Str: 13    XL:     9   Next: 96%
Gold:   463        EV: 10    Int: 29    God:    Ashenzari [......] SH:  0 Dex: 15

rFire   + + +        q - +8 halberd "Nanussur" {spect, rN+ Int+5}
rCold   . . .        (shield currently unavailable)
rNeg    + . .        B - +4 scale mail of Ru's Envy {rC+ Stlth+}
rPois   ∞            (no helmet)
rElec   .            f - +0 cloak of the Two of Swords {rF+ Regen+ Int+2 Dex+2}
rCorr   .            g - +0 pair of gloves "Gaze Upon Infinity" {Evo, Melee} (curse)
SInv    .            (boots unavailable)
Will    .....        (no amulet)
Stlth   ++           k - +6 ring of strength
HPRegen 1.09/turn    (no ring)
MPRegen 0.00/turn

%: infuse magic (-7 HP)
@: corroded, flying
A: sickness immunity, fire resistance 2, cold vulnerability 1, float, innate
caster, HP casting, extra vitality 1
a: Renounce Religion, Shatter the Chains


You were on level 8 of the Dungeon.
You worshipped Ashenzari.
Ashenzari was noncommittal.
You visited 2 branches of the dungeon, and saw 9 of its levels.

You collected 463 gold pieces.

Inventory:

Hand Weapons
 q - the +8 halberd "Nanussur" (weapon) {spect, rN+ Int+5}
   (You found it on level 3 of the Dungeon)

   Int:       It affects your intelligence (+5).
   rN:        It protects you from negative energy.
 s - a +1 dagger of speed
 v - a +4 dagger
Missiles
 x - 3 throwing nets
 D - 2 boomerangs (quivered)
 F - 2 poisoned darts
Armour
 f - the +0 cloak of the Two of Swords (worn) {rF+ Regen+ Int+2 Dex+2}
   (You acquired it on level 7 of the Dungeon)

   Int:       It affects your intelligence (+2).
   Dex:       It affects your dexterity (+2).
   rF:        It protects you from fire.
   Regen:     It increases your rate of health regeneration.
 g - the cursed +0 pair of gloves "Gaze Upon Infinity" (worn) {Evo, Melee}
   (You found it on level 1 of the Dungeon)

   It has a curse which improves the following skills: Evocations: Evocations.
   Melee Combat: Short Blades, Long Blades, Axes, Maces & Flails, Polearms,
   Staves and Unarmed Combat.
 t - a +2 robe of fire resistance
 B - the +4 scale mail of Ru's Envy (worn) {rC+ Stlth+}
   (You found it on level 6 of the Dungeon)

   rC:        It protects you from cold.
   Stlth:     It makes you more stealthy.
Jewellery
 k - a +6 ring of strength (left hand)
Wands
 a - a wand of flame (41)
 j - a wand of polymorph (7)
 E - a wand of paralysis (7)
Scrolls
 e - 2 scrolls of teleportation
 h - 2 scrolls of vulnerability
 n - a scroll of enchant weapon
 y - 2 scrolls of enchant armour
 C - 2 scrolls of blinking
Potions
 b - a potion of brilliance
 c - 6 potions of curing
 d - 3 potions of might
 i - 3 potions of mutation
 l - 2 potions of cancellation
 o - 2 potions of heal wounds
 r - 2 potions of attraction
 u - 2 potions of lignification
 w - 3 potions of haste
 z - 2 potions of resistance
 A - a potion of magic


   Skills:
 + Level 2.3 Fighting
 + Level 0.2(0.3) Maces & Flails
 + Level 5.6(6.0) Polearms
 * Level 4.3 Armour
 + Level 3.2 Dodging
 - Level 2.0 Stealth
 * Level 7.4 Spellcasting
 + Level 0.2 Evocations


You knew the following spells:

 Your Spells              Type           Power      Damage    Failure   Level
a - Sting                 Tmut/Pois      100%       1d8       1%          1
b - Poisonous Vapours     Pois/Air       100%       N/A       1%          2
c - Mephitic Cloud        Conj/Pois/Air  52%        N/A       3%          3
d - Olgreb's Toxic Radia  Pois           52%        N/A       10%         4
e - Slow                  Hex            100%       N/A       1%          1
f - Blink                 Tloc           100%       N/A       1%          2
g - Tukima's Dance        Hex            52%        N/A       3%          3
h - Portal Projectile     Hex/Tloc       100%       N/A       3%          3
Your spell library was empty.

Dungeon Overview and Level Annotations

Branches:
Dungeon (8/15)             Temple (1/1) D:5
   Lair: D:8-11

Altars:
Ashenzari
Cheibriados
Dithmenos
Elyvilon
Fedhas
Gozag
Hepliaklqana
Makhleb
Nemelex Xobeh
Okawaru
Qazlal
Trog
Wu Jian
Xom
Yredelemnul
Zin
The Shining One


Innate Abilities, Weirdness & Mutations

You are immune to sickness and miasma.
You are immune to poison.
Your flesh is very heat resistant. (rF++)
You are vulnerable to cold. (rC-)
You float through the air rather than walking.
You learn spells naturally, not from books.
Your magical power is your life essence.
You have superior vitality. (+4 MHP)


Message History

Okay, then.
You drop a scroll of amnesia.
Done exploring.
There is a stone staircase leading down here.
You fly downwards.
There is a stone staircase leading up here.
Found 13 gold pieces.
The jelly quivers.
You reach to attack!
You slash the jelly!
The jelly is severely wounded.
Your +8 halberd "Nanussur" {spect, rN+ Int+5} hits the jelly from afar!
You kill the jelly!
Your +8 halberd "Nanussur" {spect, rN+ Int+5} disappears.
An acid dragon comes into view.
The acid dragon roars!
The acid dragon spits acid at you. The splash of acid hits you!!
The acid corrodes you! The acid dragon spits acid at you.
The splash of acid hits you!!
* * * LOW HITPOINT WARNING * * *
You are too injured to fight recklessly!
Unknown command.
Reach: q) +8 halberd "Nanussur" {spect, rN+ Int+5}
Press: ? - help, Dir - move target, f - acid dragon
Aim: an acid dragon (about 34% to evade the +8 halberd "Nanussur")
You reach to attack!
You hit the acid dragon but do no damage.
Your +8 halberd "Nanussur" {spect, rN+ Int+5} barely misses the acid dragon.
Unknown command.
You closely miss the acid dragon.
Your +8 halberd "Nanussur" {spect, rN+ Int+5} hits the acid dragon but does no damage.
The acid dragon bites you.
* * * LOW HITPOINT WARNING * * *
The acid dragon closely misses you.
You slash the acid dragon!
The acid dragon is moderately wounded.
Your +8 halberd "Nanussur" {spect, rN+ Int+5} hits the acid dragon.
The acid dragon spits acid at you. The splash of acid hits you!!
You die...

#.##....##....
##..#....#.....
#..............
#............#
###
#....<......#....
##......###.....#
###......##.....#
#..........$.#
#.....##(@##...#
#.....###D# .....
###.... .... ....
#........#. ...
###.....## # ..
####... . ....
....


You could see an acid dragon (catching breath) and a friendly +8 halberd
"Nanussur" {spect, rN+ Int+5}.

Vanquished Creatures
  A komodo dragon (D:6)
  A wyvern (D:7)
  A water moccasin (D:7)
  2 orc warriors
  4 sky beasts
  3 black bears
  A phantom (D:5)
  4 scorpions
  A howler monkey (D:6)
  An electric eel (D:7)
  5 hounds
  3 orc priests
  4 jellies
  A gnoll bouda (D:7)
  An iguana (D:5)
  2 sleepcaps
  5 orc wizards
  14 gnolls
  12 adders
  2 white imps (D:6)
  An ufetubus (D:6)
  4 worms
  A dart slug (D:4)
  9 orcs
  5 endoplasms
  5 giant cockroaches
  12 goblins
  10 hobgoblins
  7 jackals
  9 kobolds
  6 quokkas
  7 ball pythons
  2 bats (D:2)
  3 frilled lizards
  3 rats (D:2)
152 creatures vanquished.

Vanquished Creatures (others)
  An ufetubus (D:7)
  An orc (D:7)
2 creatures vanquished.

Grand Total: 154 creatures vanquished

Notes
Turn   | Place    | Note
-------+----------+-------------------------------------------
     0 | D:1      | monsoonserge the Djinni Venom Mage began the quest for the
                  | Orb.
     0 | D:1      | monsoonserge set off with the following spells memorised:
                  | Sting, Poisonous Vapours, Mephitic Cloud, Olgreb's Toxic
                  | Radiance.
     0 | D:1      | Reached XP level 1. HP: 15/15 MP: 0/0
   119 | D:1      | Reached XP level 2. HP: 18/21 MP: 0/0
   335 | D:1      | Reached skill level 3 in Spellcasting
   473 | D:2      | Reached XP level 3. HP: 23/25 MP: 0/0
   473 | D:2      | Learned a level 1 spell: Slow
   566 | D:2      | Identified the +1 leather armour of the Eternal Void {Drain
                  | Str+3 Dex+5}
   980 | D:1      | Reached XP level 4. HP: 19/31 MP: 0/0
  1047 | D:2      | Reached skill level 1 in Armour
  1360 | D:3      | Reached XP level 5. HP: 30/35 MP: 0/0
  1360 | D:3      | Learned a level 2 spell: Blink
  1456 | D:3      | Reached skill level 4 in Spellcasting
  1509 | D:3      | Reached XP level 6. HP: 23/40 MP: 0/0
  2064 | D:3      | Identified the +8 halberd "Nanussur" {spect, rN+ Int+5}
  2609 | D:4      | Reached skill level 5 in Spellcasting
  2609 | D:4      | Reached XP level 7. HP: 39/45 MP: 0/0
  2609 | D:4      | Learned a level 3 spell: Tukima's Dance
  2796 | D:4      | Reached skill level 1 in Polearms
  3471 | D:5      | Entered Level 5 of the Dungeon
  3714 | D:5      | Found a bloodstained altar of Trog.
  3725 | D:5      | Reached XP level 8. HP: 27/51 MP: 0/0
  3927 | D:5      | Found a staircase to the Ecumenical Temple.
  3942 | Temple   | Entered the Ecumenical Temple
  4031 | Temple   | Became a worshipper of Ashenzari the Shackled
  4105 | D:5      | Reached skill level 6 in Spellcasting
  4345 | D:5      | Reached skill level 1 in Fighting
  4352 | D:5      | Found a glowing golden altar of the Shining One.
  4352 | D:5      | Found a glowing silver altar of Zin.
  4352 | D:5      | Found a white marble altar of Elyvilon.
  4409 | D:6      | Found a basalt altar of Yredelemnul.
  4725 | D:6      | Noticed a komodo dragon
  4744 | D:6      | Killed a komodo dragon
  4745 | D:6      | Reached XP level 9. HP: 29/57 MP: 0/0
  4745 | D:6      | Learned a level 3 spell: Portal Projectile
  4856 | D:6      | Identified the +4 scale mail of Ru's Envy {rC+ Stlth+}
  5143 | D:6      | Reached skill level 7 in Spellcasting
  5515 | D:7      | Reached skill level 5 in Polearms
  6190 | D:7      | Reached * piety under Ashenzari
  6190 | D:7      | Identified a scroll of acquirement
  6193 | D:7      | Acquired the +0 cloak of the Two of Swords {rF+ Regen+
                  | Int+2 Dex+2}
  6633 | D:8      | Killed from afar by an acid dragon

Illustrated notes

Levels and vault maps discovered:
D:1:      dpeg_arrival_orchard, layout_rooms
D:2:      layout_rooms, minmay_randomly_rotated_circles
D:3:      layout_loops_ring, minmay_hedge_maze, minmay_goblin_kobold_house
D:4:      layout_layer_cave
D:5:      layout_loops_ring, good_gods_mini_temple,
          mainiacjoe_overflow_small_starburst,
          minmay_temple_entry_statues_pillars
D:6:      minmay_chambers_of_fours, layout_basic, nicolae_overflow_hidden_temple
D:7:      layout_cave_pools, kennysheep_cross_room, grunt_ministairs_11,
          amcnicky_mini_pool_medium
D:8:      layout_cave_pools, minmay_lair_entry_grove,
          hellmonk_guarded_unrand_vitality_bloodlust, uniq_maggie, uniq_psyche
Temple:   nicolae_temple_superstar

Skill      XL: |  1  2  3  4  5  6  7  8  9 |
---------------+----------------------------+-----
Spellcasting   | 3 4 5 6 7 |  7.4
Armour         | 1 2 3 4 |  4.3
Stealth        | 2 |  2.0
Polearms       | 2 4 5 |  5.6
Fighting       | 1 2 |  2.3
Dodging        | 3 |  3.2
Maces & Flails | |  0.2
Evocations     | |  0.2

Action                     |  1- 3 |  4- 6 |  7- 9 || total
---------------------------+-------+-------+-------++-------
  Melee: Unarmed           |     4 |       |       ||     4
         Mace              |    16 |    15 |       ||    31
         Flail             |     1 |       |       ||     1
         Short sword       |       |     8 |       ||     8
         Dagger            |       |    13 |       ||    13
         Halberd           |       |    17 |    97 ||   114
   Cast: Sting             |    53 |    45 |     8 ||   106
         Poisonous Vapours |     6 |    26 |    14 ||    46
         Olgreb's Toxic Ra |       |     3 |     4 ||     7
         Mephitic Cloud    |       |       |    20 ||    20
         Slow              |       |       |     1 ||     1
         Tukima's Dance    |       |       |     1 ||     1
 Invoke: Curse Item        |       |       |     2 ||     2
         Shatter the Chain |       |       |     1 ||     1
  Evoke: Wand              |       |       |     4 ||     4
    Use: Scroll            |       |       |     1 ||     1
   Stab: Sleeping          |       |     4 |     4 ||     8
         Confused          |       |       |     4 ||     4
 Armour: Leather armour    |     7 |    17 |     8 ||    32
         Scale mail        |       |       |    16 ||    16
  Dodge: Dodged            |    32 |    31 |    43 ||   106
